 Dungeon Crawl Stone Soup version 0.16.2-12-gd0ad4c3 (webtiles) character file.

94 Seneschal the Conjurer (level 4, -2/24 HPs)
             Began as a Tengu Conjurer on Sept 21, 2015.
             Slain by a gnoll
             ... wielding a +0 halberd of freezing
              (3 damage)
             ... on level 2 of the Dungeon.
             The game lasted 00:06:39 (1304 turns).

Seneschal the Conjurer (Tengu Conjurer)             Turns: 1304, Time: 00:06:39

Health: -2/24      AC:  3    Str:  8    XL:     4   Next: 63%
Magic:  5/9        EV: 13    Int: 17    God:
Gold:   62         SH:  0    Dex: 14    Spells: 1 memorised, 6 levels left

rFire  . . .     SeeInvis .     (no weapon)
rCold  . . .     Clarity  .     a - +0 robe
rNeg   . . .     SustAb   .     (no shield)
rPois  .         Gourm    .     (helmet restricted)
rElec  .         Spirit   .     (no cloak)
rCorr  .         Warding  .     j - +0 pair of gloves
rMut   .         Stasis   .     (boots unavailable)
MR     .....                    (no amulet)
Stlth  ++........               (no ring)
                                (no ring)

@: not resistant to hostile enchantments, unstealthy
A: beak, talons 3
a: no special abilities


You were on level 2 of the Dungeon.
You were not hungry.

You visited 1 branch of the dungeon, and saw 3 of its levels.

You collected 62 gold pieces.

Inventory:

Armour
 a - a +0 robe (worn)
 j - a +0 pair of gloves (worn)
Scrolls
 d - 3 scrolls of identify {unknown}
 f - a scroll of enchant weapon {unknown}
 h - a scroll of enchant armour {unknown}
 m - a scroll of teleportation {unknown}
 o - a scroll of amnesia {unknown}
Potions
 e - 3 potions of curing {unknown}
 i - a potion of invisibility {unknown}
 k - a potion of brilliance {unknown}
Books
 c - a book of Conjurations

   Spells                             Type                      Level
   a - Magic Dart                     Conjuration                  1
   b - Searing Ray                    Conjuration                  2
   c - Dazzling Spray                 Conjuration/Hexes            3
   d - Fulminant Prism                Conjuration/Hexes            4
   e - Iskenderun's Mystic Blast      Conjuration                  4
   f - Iskenderun's Battlesphere      Conjuration/Charms           5
Comestibles
 b - 2 bread rations
 g - a beef jerky
 l - 10 fruits
 n - a royal jelly


   Skills:
 + Level 0.2 Fighting
 + Level 3.1 Dodging
 + Level 2.3 Stealth
 + Level 0.4 Unarmed Combat
 + Level 2.3 Spellcasting
 + Level 6.6 Conjurations


You had 6 spell levels left.
You knew the following spells:

 Your Spells              Type           Power        Failure   Level  Hunger
a - Magic Dart            Conj           ###.         1%          1    #......


Dungeon Overview and Level Annotations

Branches:
Dungeon (3/15)

Altars:


Innate Abilities, Weirdness & Mutations

You have a beak for a mouth.
You have claws for feet.


Message History

The gnoll hits you from afar with a halberd of freezing!
Ouch! That really hurt!
The gnoll freezes you.
You enter the shallow water.
Moving in this stuff is going to be slow.
The gnoll misses you. The giant newt barely misses you.
The giant newt misses you.
There is a stone staircase leading down here.
The giant newt closely misses you. The gnoll barely misses you.
You climb downwards.
An adder, a hobgoblin and an orc come into view.
Found a metallic white potion.
There is a stone staircase leading up here.
The giant newt bites you.
You climb upwards.
The gnoll hits you with a halberd of freezing!
* * * LOW HITPOINT WARNING * * *
The gnoll freezes you.
You die...

#.......####..#.......#.
##....>...............+..
##....................#
..
......##.........######
..#
.#######.......#.#...# .
.# ######..g.#.#...#
.#####...............#
.....................####
................@g.......
.................l..###..
.##.............#####
................#
................#
..........รท.....#
................#
................#
........... ..#


You could see 2 gnolls and a giant newt.

Vanquished Creatures
  2 gnolls (D:2)
  5 adders (D:2)
  A worm (D:2)
  A ball python (D:2)
  2 giant cockroaches (D:1)
  2 hobgoblins (D:2)
  A bat (D:2)
  2 giant geckos
  2 giant newts (D:2)
  2 goblins
  3 jackals (D:2)
  5 kobolds
  5 rats
33 creatures vanquished.

Notes
Turn   | Place    | Note
--------------------------------------------------------------
     0 | D:1      | Seneschal, the Tengu Conjurer, began the quest for the Orb.
     0 | D:1      | Reached XP level 1. HP: 10/10 MP: 3/3
   233 | D:1      | Reached XP level 2. HP: 15/15 MP: 3/5
   498 | D:2      | Reached skill level 6 in Conjurations
   543 | D:2      | Reached XP level 3. HP: 5/19 MP: 0/7
   904 | D:2      | Reached XP level 4. HP: 15/24 MP: 0/8
  1304 | D:2      | HP: 1/24 [gnoll/halberd of freezing (7)]
  1304 | D:2      | Slain by a gnoll

Action                   |  1- 3 |  4- 6 || total
-------------------------+-------+-------++-------
Melee: Unarmed           |    39 |     3 ||    42
 Cast: Magic Dart        |    45 |    18 ||    63
  Eat: Fruit             |     1 |     1 ||     2
